 Dungeon Crawl Stone Soup version 0.29-a0-582-ge82337ba6a (webtiles) character file.

Game seed: 11073649145979826843

960 kae the Firebug (level 7, -1/40 HPs)
             Began as a Deep Elf Fire Elementalist on June 14, 2022.
             Was an Initiate of Vehumet.
             Killed from afar by a steam dragon (20 damage)
             ... with a ball of steam
             ... on level 5 of the Dungeon.
             The game lasted 00:03:52 (5194 turns).

kae the Firebug (Deep Elf Fire Elementalist)        Turns: 5194, Time: 00:03:53

Health: -1/40      AC:  2    Str:  5    XL:     7   Next: 92%
Magic:  0/17       EV: 12    Int: 22    God:    Vehumet [......]
Gold:   122        SH:  0    Dex: 15    Spells: 7/16 levels left

rFire   . . .      SeeInvis .   x - +1 war axe (freeze)
rCold   . . .      Faith    .   (no shield)
rNeg    . . .      Spirit   +   a - +0 robe
rPois   .          Reflect  .   (no helmet)
rElec   .          Harm     .   (no cloak)
rCorr   .          Rampage  .   (no gloves)
Will    .....                   (no boots)
Stlth   ++........              m - amulet of guardian spirit
HPRegen 0.13/turn               (no ring)
MPRegen 0.15/turn               (no ring)

@: no status effects
A: no striking features
a: Renounce Religion


You were on level 5 of the Dungeon.
You worshipped Vehumet.
Vehumet was noncommittal.
You visited 2 branches of the dungeon, and saw 6 of its levels.

You collected 222 gold pieces.
You spent 100 gold pieces at shops.

Inventory:

Hand Weapons
 g - a +0 trident
 o - a +2 whip of freezing
 x - a +1 war axe of freezing (weapon)
Armour
 a - a +0 robe (worn)
 l - a +0 kite shield
Jewellery
 m - an amulet of guardian spirit (around neck)
Scrolls
 n - a scroll of identify {unknown}
 p - 4 scrolls of teleportation
 q - a scroll of magic mapping
 r - a scroll of vulnerability {unknown}
 t - a scroll of fear {unknown}
 v - a scroll of enchant weapon {unknown}
Potions
 b - 2 potions of magic
 c - 2 potions of brilliance {unknown}
 d - 3 potions of heal wounds {unknown}
 e - 2 potions of cancellation {unknown}
 f - a potion of attraction {unknown}
 h - a potion of lignification {unknown}
 i - a potion of degeneration {unknown}
 j - a potion of resistance {unknown}
 k - 3 potions of curing {unknown}
 s - 2 potions of flight {unknown}
 u - a potion of might {unknown}
 w - 2 potions of mutation {unknown}


   Skills:
 + Level 2.6 Fighting
 - Level 2.4 Dodging
 - Level 2.4 Stealth
 + Level 2.4 Shields
 + Level 5.3 Spellcasting
 * Level 5.3 Conjurations
 * Level 6.2 Fire Magic


You had 7 spell levels left.
You knew the following spells:

 Your Spells              Type           Power      Damage    Failure   Level
a - Foxfire               Conj/Fire      100%       2x1d9     1%          1
b - Scorch                Fire           66%        2d8       1%          2
c - Conjure Flame         Conj/Fire      31%        6-21      2%          3
d - Inner Flame           Hex/Fire       19%        N/A       9%          3

Your spell library contained the following spells:

 Spells                   Type           Power      Damage    Failure   Level
 Flame Wave               Conj/Fire      31%        2d8       9%          4
 Slow                     Hex            20%        N/A       10%         1
 Sublimation of Blood     Necr           5%         N/A       14%         2
 Confusing Touch          Hex            5%         N/A       28%         3
 Gell's Gravitas          Tloc           5%         N/A       28%         3
 Teleport Other           Tloc           5%         N/A       28%         3
 Vampiric Draining        Necr           5%         2d6       28%         3
 Hailstorm                Conj/Ice       17%        3d6       32%         4
 Irradiate                Conj/Tmut      8%         3d16      65%         5
 Ice Form                 Ice/Tmut       5%         N/A       67%         4
 Petrify                  Tmut/Erth      5%         N/A       67%         4
 Conjure Ball Lightning   Conj/Air       8%         3x3d6     99%         6
 Dispersal                Tloc           2%         N/A       100%        6
 Simulacrum               Ice/Necr       2%         N/A       100%        6
 Discord                  Hex            2%         N/A       100%        8
 Disjunction              Tloc           2%         N/A       100%        8


Dungeon Overview and Level Annotations

Branches:
Dungeon (5/15)             Temple (1/1) D:4

Altars:
Ashenzari
Cheibriados
Dithmenos
Elyvilon
Fedhas
Gozag
Makhleb
Nemelex Xobeh
Okawaru
Qazlal
Ru
Sif Muna
Trog
Uskayaw
Vehumet
Wu Jian
Xom
Yredelemnul
Zin
The Shining One

Shops:
D:3 ?

Annotations:
D:2 1 runed translucent door, Crazy Yiuf
D:4 Grinder
D:5 Prince Ribbit


Message History

Your Shields skill increases to level 2!
Your Spellcasting skill increases to level 5!
Your Conjurations skill increases to level 5!
Your Fire Magic skill increases to level 6!
You have reached level 7!
You start resting.
You hear the hiss of an avalanche of sand nearby.
Unknown command.
Things that are here:
a +2 whip of freezing; a +0 robe
Things that are here:
a +2 whip of freezing; a +0 robe
o - a +2 whip of freezing
Found a scroll labelled FAUTSOJ LEOS.
Found a There-And-Back Book.
Found a stone staircase leading down.
You pick up a There-And-Back Book and begin reading...
You add the spells Gell's Gravitas, Teleport Other and Dispersal to your library.
Found a chain mail.
You see here a scroll labelled FAUTSOJ LEOS.
Prince Ribbit gives a loud, deep croak!
Casting: Scorch (safe; 1% risk of failure)
Confirm with . or Enter, or press ? or * to list all spells.
You conjure some foxfire!
Prince Ribbit blinks!
A steam dragon comes into view.
The foxfire hits Prince Ribbit.
Prince Ribbit is lightly wounded.
The foxfire hits Prince Ribbit.
Prince Ribbit is moderately wounded.
A necrophage comes into view.
Casting: Foxfire (safe; 1% risk of failure)
Confirm with . or Enter, or press ? or * to list all spells.
Flames lash Prince Ribbit.
Prince Ribbit is heavily wounded.
Prince Ribbit's fire resistance burns away.
Prince Ribbit hits you. Prince Ribbit hits you!!
The steam dragon breathes steam at you. The ball of steam hits you!!
Ouch! That really hurt!
You die...

..####.##....*....#...##
...[.!......**#.#......##
##.#..#...$#* #.#.......##
##.......#.####D#n.......#
##.........>...§#........#
*
....##.........§.#.......#
*
...............?§.......#*
*
..###...........§.......##
*
.####.#.........@F.......#
**
.##..[#..................#
*,
.#..###............../...#
*, .#.##
##................#######*,
##.*
#..........>#.......g...,..
###*
###########.#.#.......#....
*****,,....######<......
***,,,,,...#.# ##....##
**,,,,,,,.###.#******....#*


You could see Prince Ribbit (combustible).

Vanquished Creatures
  Pikel (D:5)
  An orc warrior (D:4)
  A lemure (D:5)
  Blork the orc (D:4)
  2 hounds (D:4)
  An orc priest (D:4)
  3 orc wizards (D:4)
  4 adders
  3 gnolls
  A white imp (D:4)
  2 ufetubi (D:5)
  2 dart slugs
  14 orcs
  7 endoplasms
  A giant cockroach (D:4)
  7 goblins
  4 hobgoblins
  4 jackals
  2 quokkas (D:1)
  4 ball pythons
  6 bats
  5 frilled lizards
  9 kobolds
  4 rats
89 creatures vanquished.

Vanquished Creatures (others)
  302 foxfires
302 creatures vanquished.

Grand Total: 391 creatures vanquished

Notes
Turn   | Place    | Note
-------+----------+-------------------------------------------
     0 | D:1      | kae the Deep Elf Fire Elementalist began the quest for the
                  | Orb.
     0 | D:1      | Reached XP level 1. HP: 10/10 MP: 6/6
   450 | D:1      | Reached XP level 2. HP: 15/15 MP: 8/8
   508 | D:1      | Learned a level 2 spell: Scorch
   908 | D:1      | Noticed an eye of devastation
   913 | D:1      | Noticed an eye of devastation
   915 | D:1      | Found a faded altar of an unknown god.
   928 | D:1      | Noticed a shining eye
   932 | D:1      | Noticed a great orb of eyes
  1119 | D:1      | Reached XP level 3. HP: 20/20 MP: 6/9
  1123 | D:1      | Learned a level 3 spell: Conjure Flame
  2122 | D:2      | Found a runed translucent door.
  2123 | D:2      | Noticed Crazy Yiuf
  2472 | D:3      | Reached skill level 1 in Fighting
  2472 | D:3      | Reached skill level 4 in Fire Magic
  2480 | D:2      | Reached XP level 4. HP: 25/25 MP: 4/11
  2661 | D:3      | Found Ivaigoc's Magic Scroll Shop.
  2669 | D:3      | Bought a scroll of magic mapping for 35 gold pieces
  2669 | D:3      | Bought a scroll of magic mapping for 35 gold pieces
  2669 | D:3      | Bought a scroll of teleportation for 30 gold pieces
  3070 | D:3      | Found a stormy altar of Qazlal.
  3575 | D:4      | Reached skill level 1 in Shields
  3575 | D:4      | Reached XP level 5. HP: 17/29 MP: 4/12
  3718 | D:4      | Learned a level 3 spell: Inner Flame
  3726 | D:4      | Found a staircase to the Ecumenical Temple.
  4067 | D:4      | Noticed Blork the orc
  4074 | D:4      | Killed Blork the orc
  4075 | D:4      | Reached XP level 6. HP: 35/35 MP: 8/14
  4085 | D:4      | Reached skill level 5 in Fire Magic
  4308 | D:4      | Noticed an orc warrior
  4331 | D:4      | Killed an orc warrior
  4344 | Temple   | Entered the Ecumenical Temple
  4504 | Temple   | Became a worshipper of Vehumet
  4569 | D:4      | Noticed Grinder
  4963 | D:5      | Entered Level 5 of the Dungeon
  4991 | D:5      | Noticed Prince Ribbit
  5127 | D:5      | Noticed Pikel
  5154 | D:5      | Killed Pikel
  5155 | D:5      | Reached skill level 5 in Spellcasting
  5155 | D:5      | Reached skill level 5 in Conjurations
  5155 | D:5      | Reached skill level 6 in Fire Magic
  5155 | D:5      | Reached XP level 7. HP: 37/40 MP: 1/17
  5191 | D:5      | Noticed a steam dragon
  5194 | D:5      | Killed from afar by a steam dragon

Illustrated notes

Levels and vault maps discovered:
D:1:      dpeg_arrival_three_same_balls, layout_loops_ring,
          hellmonk_ecumenical_altar_watching_god
D:2:      layout_loops_ring, uniq_crazy_yiuf_cottage
D:3:      layout_loops_ring, old_standard_altar, serial_shops, shop,
          minmay_box_of_dots
D:4:      layout_gridville, temple_statues, guppyfry_early_orc_mine,
          uniq_sigmund, uniq_blork_the_orc, uniq_natasha, uniq_grinder
D:5:      layout_rooms, nicolae_ossuary_entry_plus, serial_curves,
          eino_curves_04, eino_curves_03, eino_curves_02, eino_curves_04,
          lightli_minifort, uniq_ijyb, uniq_pikel, uniq_prince_ribbit1
Temple:   regret_index_temple_sigil_plot

Skill      XL: |  1  2  3  4  5  6 |
---------------+-------------------+-----
Conjurations   | 2 3 5 |  5.3
Fighting       | 1 2 |  2.6
Fire Magic     | 4 6 |  6.2
Shields        | 1 2 |  2.4
Spellcasting   | 4 5 |  5.3
Dodging        | |  2.4
Stealth        | |  2.4

Action                   |  1- 3 |  4- 6 |  7- 9 || total
-------------------------+-------+-------+-------++-------
Melee: Trident           |    13 |     1 |       ||    14
       War axe           |       |     1 |       ||     1
 Cast: Foxfire           |    87 |    89 |     1 ||   177
       Scorch            |     3 |    22 |     1 ||    26
       Conjure Flame     |       |     2 |       ||     2
  Use: Scroll            |       |     3 |       ||     3
Armor: Robe              |    10 |     4 |       ||    14
Dodge: Dodged            |    28 |    28 |       ||    56

Table legend: (Time is in decaauts)
 A = Elapsed time spent in this place.
 B = Non-inter-level travel time spent in this place.
 C = Inter-level travel time spent in this place.
 D = Time resting spent in this place.
 E = Time spent auto-exploring this place.
 F = Levels seen in this place.
 G = Mean time per level.
                   A        B        C        D        E       F      G
               +--------+--------+--------+--------+--------+-----+--------+
         Total |   5198 |   4978 |    220 |    441 |   3748 |   6 |  866.3 |
       Dungeon |   5020 |   4830 |    190 |    441 |   3615 |   5 | 1004.0 |
        Temple |    177 |    148 |     29 |      0 |    133 |   1 |  177.0 |
               +--------+--------+--------+--------+--------+-----+--------+

Top non-repeatable levels by time:
     D:4: 1594 daAuts
     D:1: 1371 daAuts
     D:2: 1133 daAuts
     D:3: 777 daAuts
  Temple: 177 daAuts
     D:5: 143 daAuts
